[Event "Reykjavik Chess Congress 2018"]
[Site "Reykjavik"]
[Date "2018.02.04"]
[Round "8"]
[White "Heimisson, Hilmir Freyr"]
[Black "Ptacnikova, Lenka"]
[Result "1-0"]
[ECO "A45"]
[WhiteElo "2136"]
[BlackElo "2218"]
[Annotator "NA"]
[PlyCount "83"]
[EventDate "2018.??.??"]
[EventType "swiss"]
[EventCountry "ISL"]
[SourceTitle "playchess.com"]
[Source "ChessBase"]
[SourceQuality "1"]
[TimeControl "40/5400+30:900+30"]

1. d4 Nf6 2. Bf4 d6 3. e3 g6 4. Nf3 Bg7 5. Be2 O-O 6. h3 c6 7. O-O Nbd7 8. c4 Qe8 9. Nc3 e5 10. Bh2 h6 {[%emt 0:07:08] E61: King's Indian: Early deviations for White, including Smyslov System} (10... Qe7 11. Qc2 b6 12. b4 Bb7 13. c5 dxc5 14. bxc5 Ne8 15. cxb6 exd4 16. Nxd4 axb6 17. Rab1 c5 18. Bf3 cxd4 19. Bxb7 {0-1 (71) Tang,A (2466)-Shabalov,A (2563) chess.com INT 2017}) 11. Rc1 Qe6 $146 ({Find the theoretical novelty and annotate with similar games:} 11... Qe7 12. b4 Ne8 13. c5 dxc5 14. dxc5 f5 15. Re1 g5 16. Nd2 Kh8 17. Nc4 b6 18. cxb6 axb6 {1-0 (39) Istvandi,L (2285)-Bognar,C (2135) Budapest 1997}) 12. b4 a6 13. Qb3 Re8 14. Qb1 e4 15. Nd2 Nf8 16. Rfd1 d5 17. Na4 N6d7 (17... N8d7 $16 {was called for.}) 18. Nb3 Qe7 19. cxd5 cxd5 20. Nbc5 b5 21. Nc3 Nb6 22. a4 bxa4 23. Qa2 Bb7 24. N3xa4 Nxa4 25. Qxa4 Ne6 26. Nxe6 Qxe6 27. Rc7 Re7 28. Rdc1 Rc8 29. Rxc8+ Bxc8 30. Rc6 Qd7 31. Bxa6 Bb7 32. Bxb7 Qxb7 33. b5 Re8 34. Qb3 Ra8 35. Bc7 Rc8 36. Qxd5 Rxc7 37. Qd8+ Bf8 38. Rxc7 Qxb5 39. Rc8 Qb1+ 40. Kh2 Qb4 41. Kg3 $18 (41. Qf6 $142 Qb7 42. Rd8 Qc7+ 43. g3 Qxd8 44. Qxd8) 41... Kg7 42. Qxf8+ 1-0

[Event "Reykjavik Chess Congress 2018"]
[Site "Reykjavik"]
[Date "2018.02.04"]
[Round "8"]
[White "Birkisson, Bjorn Holm"]
[Black "Jensson, Einar Hjalti"]
[Result "1/2-1/2"]
[ECO "B41"]
[WhiteElo "2084"]
[BlackElo "2336"]
[Annotator "NA"]
[PlyCount "53"]
[EventDate "2018.??.??"]
[EventType "swiss"]
[EventCountry "ISL"]
[SourceTitle "playchess.com"]
[Source "ChessBase"]
[SourceQuality "1"]
[TimeControl "40/5400+30:900+30"]

1. e4 c5 2. Nf3 e6 3. d4 cxd4 4. Nxd4 a6 5. c4 Nc6 6. Nxc6 {[%emt 0:02:48] B28: Sicilian: 2 Nf3 a6 (O'Kelly Variation)} (6. Nc3 Bb4 7. Be3 Nf6 8. Bd3 Qc7 9. Rc1 b6 10. O-O Nxd4 11. Bxd4 Bc5 12. Be2 Bb7 13. Qd3 Bxd4 14. Qxd4 Qc5 15. Qd3 Bc6 16. a3 {1-0 (42) Dominguez Perez,L (2719)-Polgar,J (2680) Moscow 2009}) 6... bxc6 7. Nc3 c5 8. Be2 $146 ({Predecessor:} 8. Bd3 Ne7 9. O-O g6 10. f4 Bg7 11. f5 Bd4+ 12. Kh1 Bb7 13. fxe6 dxe6 14. Qf3 {1-0 (24) Hollan,M (2283)-Strakos,T (1730) Prague 2015}) 8... Ne7 9. Be3 Nc6 10. O-O Be7 11. f4 O-O 12. e5 Qb6 13. Na4 Qc7 14. Qe1 Rb8 15. Qf2 f6 16. exf6 ({Reject} 16. Nxc5 fxe5 17. Na4 exf4 $17) 16... Rxf6 17. Bxc5 Bxc5 18. Qxc5 Rxf4 19. Bd3 Qe5 $16 20. Rxf4 Qxf4 21. Qh5 g6 22. Bxg6 Qd4+ 23. Kh1 hxg6 24. Qxg6+ Qg7 25. Qe8+ Qf8 26. Qg6+ Qg7 27. Qe8+ 1/2-1/2

[Event "Reykjavik Chess Congress 2018"]
[Site "Reykjavik"]
[Date "2018.02.04"]
[Round "8"]
[White "Baldursson, Haraldur"]
[Black "Jonsson, Gauti Pall"]
[Result "1-0"]
[ECO "A40"]
[WhiteElo "1942"]
[BlackElo "2161"]
[Annotator "NA"]
[PlyCount "75"]
[EventDate "2018.??.??"]
[EventType "swiss"]
[EventCountry "ISL"]
[SourceTitle "playchess.com"]
[Source "ChessBase"]
[SourceQuality "1"]
[TimeControl "40/5400+30:900+30"]

1. d4 e6 2. Nf3 f5 3. c4 Nf6 4. Nc3 Bb4 5. a3 Bxc3+ 6. bxc3 O-O 7. Qc2 d6 8. a4 Nc6 9. e3 e5 10. Be2 Qe8 11. d5 Na5 12. Ba3 b6 13. Bb4 Nb7 14. a5 Qg6 15. O-O Qh6 $11 16. Ra3 Ng4 17. h3 Nf6 18. Rfa1 bxa5 19. Bxa5 Nxa5 20. Rxa5 g5 21. Nh2 g4 22. hxg4 fxg4 23. g3 a6 24. e4 Qg5 25. c5 h5 26. Bxa6 h4 27. Bxc8 Raxc8 28. Qe2 hxg3 29. fxg3 Qg6 30. R5a4 c6 31. cxd6 cxd5 32. exd5 Rxc3 33. Qxe5 Rc2 34. Rf4 Qh7 35. Nxg4 Nd7 36. Qg5+ Kh8 37. Rxf8+ Nxf8 38. Qf6+ 1-0

[Event "Reykjavik Chess Congress 2018"]
[Site "Reykjavik"]
[Date "2018.02.04"]
[Round "8"]
[White "Bjarnason, Olafur"]
[Black "Viglundsson, Bjorgvin"]
[Result "0-1"]
[ECO "A04"]
[WhiteElo "1818"]
[BlackElo "2167"]
[Annotator "NA"]
[PlyCount "70"]
[EventDate "2018.??.??"]
[EventType "swiss"]
[EventCountry "ISL"]
[SourceTitle "playchess.com"]
[Source "ChessBase"]
[SourceQuality "1"]
[TimeControl "40/5400+30:900+30"]

1. Nf3 c5 2. c4 g6 3. d4 {[%emt 0:01:13] A30: Symmetrical English: Double Fianchetto and Hedgehog} cxd4 4. Qxd4 (4. Nxd4 Nc6 5. e4 Nf6 6. Nc3 d6 7. Be2 Nxd4 8. Qxd4 Bg7 9. Bg5 O-O 10. Qd2 a5 11. O-O a4 12. Rac1 Be6 13. Rfe1 Qa5 14. Bf1 Rfc8 15. b3 axb3 16. axb3 Qb4 17. Nd5 Qxd2 18. Bxd2 Bxd5 19. exd5 Kf8 20. Bc3 Ra3 {½-½ (67) Andreikin,D (2712)-Mamedov,R (2709) Huaian 2017}) 4... Nf6 5. Nc3 Nc6 6. Qd1 Bg7 7. e4 d6 8. h3 O-O 9. Rb1 Nd7 $146 ({Predecessor:} 9... a6 10. Bd3 Nd7 11. Bd2 {1-0 (53) Sarvari,P-Banszky,M (1974) Hungary 2010}) 10. Be3 Nc5 11. Bxc5 dxc5 12. Qxd8 Rxd8 13. Na4 b6 14. Be2 Bb7 15. O-O Nd4 16. Nxd4 Rxd4 17. Nc3 Rad8 18. Nb5 Rd2 19. Bf3 Rxb2 20. Rxb2 Bxb2 21. Nxa7 Rd2 22. Rd1 Rxd1+ 23. Bxd1 Bxe4 24. Nc8 Bd3 25. Nxb6 Ba3 26. Bb3 e5 27. Nd5 Kg7 28. Nc7 f5 (28... Kf6 $17 29. f3 e4 30. fxe4 Ke5) 29. Nb5 Bb4 $15 30. a4 e4 31. Nd6 f4 32. Nb7 e3 33. fxe3 fxe3 34. Bd1 Bxc4 35. a5 e2 0-1

[Event "Reykjavik Chess Congress 2018"]
[Site "Reykjavik"]
[Date "2018.02.07"]
[Round "9"]
[White "Halldorsson, Bragi"]
[Black "Birkisson, Bjorn Holm"]
[Result "1-0"]
[ECO "D58"]
[WhiteElo "2082"]
[BlackElo "2084"]
[Annotator "NA RC"]
[PlyCount "45"]
[EventDate "2018.??.??"]
[EventType "swiss"]
[EventCountry "ISL"]
[SourceTitle "playchess.com"]
[Source "ChessBase"]
[SourceQuality "1"]
[TimeControl "40/5400+30:900+30"]

1. d4 d5 2. c4 e6 3. Nc3 Be7 4. Nf3 Nf6 5. Bg5 h6 6. Bh4 {[%emt 0:00:26] LiveBook: 4143 Partien} O-O 7. e3 b6 8. Qc2 c5 9. dxc5 {[%emt 0:02:26] D58: Queen's Gambit Declined: Tartakower Defence} (9. Rd1 Nbd7 10. cxd5 Nxd5 11. Bxe7 Qxe7 12. Nxd5 exd5 13. dxc5 Nxc5 14. Be2 Qe4 15. Qd2 Qg6 16. O-O Bh3 {½-½ (48) Halkias,S (2579)-Grachev,B (2675) Aix les Bains 2011}) 9... bxc5 10. Be2 Nc6 $146 ({Predecessor:} 10... Bb7 11. O-O dxc4 12. Rfd1 Nd5 13. Bxe7 Qxe7 14. Bxc4 Nxc3 15. Qxc3 Nd7 16. Be2 Rfd8 {1-0 (39) Kulpinski,P (2074)-Traczyk,T (1988) Krynica 2005}) 11. O-O d4 12. Rfd1 e5 13. a3 Qc7 (13... Be6 $11 {remains equal.}) 14. Bxf6 (14. Nd5 $16 Qd6 15. b4) 14... dxc3 15. Bxe7 cxb2 16. Bxf8 ({Much worse is} 16. Qxb2 Qxe7 17. Qb5 Bd7 $11) ({Much weaker is} 16. Bxc5 bxa1=N 17. Rxa1 Rd8 $15) 16... bxa1=Q 17. Rxa1 Kxf8 18. Qh7 f6 $2 (18... Ne7 $16) 19. Qh8+ Kf7 20. Nh4 Bb7 21. Bh5+ Ke6 22. Qh7 Qe7 23. Rd1 {[%emt 0:06:28] Kd5} 1-0

[Event "Reykjavik Chess Congress 2018"]
[Site "Reykjavik"]
[Date "2018.02.07"]
[Round "9"]
[White "Valdimarsson, Einar"]
[Black "Baldursson, Haraldur"]
[Result "1-0"]
[ECO "A45"]
[WhiteElo "2023"]
[BlackElo "1942"]
[Annotator "NA RC"]
[PlyCount "37"]
[EventDate "2018.??.??"]
[EventType "swiss"]
[EventCountry "ISL"]
[SourceTitle "playchess.com"]
[Source "ChessBase"]
[SourceQuality "1"]
[TimeControl "40/5400+30:900+30"]

1. d4 Nf6 2. Bf4 d5 3. Nd2 e6 4. e3 Bd6 5. Bg3 c5 {[%emt 0:03:44] LiveBook: 33 Games} 6. c3 Nc6 7. Ngf3 Qe7 8. Ne5 O-O {[%emt 0:08:07] D02: 1 d4 d5 2 Nf3 sidelines, including 2...Nf6 3 g3 and 2...Nf6 3 Bf4} (8... Bxe5 9. dxe5 Nd7 10. Bb5 O-O 11. Bxc6 bxc6 12. c4 Nb6 13. b3 a5 14. O-O a4 15. Qc2 axb3 16. axb3 {1-0 (47) Kamsky,G (2676)-Popov,I (2609) Sochi 2017}) 9. Bd3 h6 10. O-O $146 ({Find the theoretical novelty and annotate with similar games:} 10. f4 Bd7 11. O-O c4 12. Bc2 {1-0 (24) Kovacs Pinter,M (2143)-Kovacs,M (2102) Hungary 2009}) 10... Qc7 11. f4 Nd7 12. Qh5 f5 13. Bh4 Nf6 (13... Qb6 $11) 14. Bxf6 $1 Rxf6 15. g4 fxg4 $2 (15... Bxe5 $16 16. fxe5 Rf8) 16. Nxg4 Rf8 $2 (16... Rf7 17. Qg6 Kf8) 17. Qg6 Rf5 18. Bxf5 $18 exf5 19. Nf6+ {[%emt 0:00:10] Bf8} 1-0

[Event "Reykjavik Chess Congress 2018"]
[Site "Reykjavik"]
[Date "2018.02.07"]
[Round "9"]
[White "Ragnarsson, Johann"]
[Black "Viglundsson, Bjorgvin"]
[Result "0-1"]
[ECO "D20"]
[WhiteElo "1991"]
[BlackElo "2167"]
[Annotator "RC"]
[PlyCount "42"]
[EventDate "2018.??.??"]
[EventType "swiss"]
[EventCountry "ISL"]
[SourceTitle "playchess.com"]
[Source "ChessBase"]
[SourceQuality "1"]
[TimeControl "40/5400+30:900+30"]

1. d4 d5 2. c4 dxc4 3. Nc3 a6 4. e3 b5 5. a4 b4 6. Bxc4 Bb7 7. Qb3 e6 8. d5 exd5 9. Nxd5 Bd6 10. e4 Nc6 11. Nf3 Na5 12. Qc2 Nxc4 13. Qxc4 Ne7 14. Nxe7 Qxe7 15. e5 Bxf3 16. O-O Qxe5 17. Qh4 Bd5 18. Bg5 O-O 19. Rfe1 Qf5 20. Re3 Rfe8 21. g4 Qg6 0-1